 Dungeon Crawl Stone Soup version 0.28.0-53-g5a82cb258f (webtiles) character file.

Game seed: 3620955317672095683

10810 RenegadeRun the Grappler (level 11, -12/102 HPs)
             Began as a Troll Monk on June 2, 2022.
             Shot with an arrow by a centaur warrior (27 damage)
             ... on level 12 of the Dungeon.
             The game lasted 00:37:50 (7506 turns).

RenegadeRun the Grappler (Troll Monk)               Turns: 7506, Time: 00:37:54

Health: -12/102    AC: 11    Str: 26 (27) XL:     11   Next: 41%
Magic:  11/11      EV: 13    Int:  5 (6)  God:
Gold:   693        SH:  0    Dex: 16 (18) Spells: 10/10 levels left

rFire   . . .      SeeInvis .   n - +6 quarterstaff (protect)
rCold   . . .      Faith    .   (shield currently unavailable)
rNeg    . . .      Spirit   .   l - +0 steam dragon scales
rPois   +          Reflect  .   (helmet restricted)
rElec   .          Harm     .   m - +1 cloak
rCorr   .          Rampage  .   (gloves unavailable)
Will    .....                   (boots unavailable)
Stlth   +++.......              (no amulet)
HPRegen 1.07/turn               f - +6 ring of dexterity
MPRegen 0.12/turn               c - ring of poison resistance

@: fire susceptible
A: large, unfitting armour, claws 3, regeneration 1, shaggy fur 1, tough skin 1,
iridescent scales 1, strong 1, noise suppression
a: no special abilities


You were on level 12 of the Dungeon.
You visited 1 branch of the dungeon, and saw 11 of its levels.
You also visited: Ossuary.

You collected 693 gold pieces.

Inventory:

Hand Weapons
 a - a +0 giant spiked club
 i - a +2 dagger of venom
 n - a +6 quarterstaff of protection (weapon)
 u - a +2 war axe of freezing
Armour
 l - +0 steam dragon scales (worn)
 m - a +1 cloak (worn)
Jewellery
 c - a ring of poison resistance (right claw)
 e - a ring of magical power
 f - a +6 ring of dexterity (left claw)
Wands
 j - a wand of paralysis (3)
 o - a wand of polymorph (8)
 q - a wand of charming (12)
 t - a wand of acid (8)
Scrolls
 d - 6 scrolls of vulnerability
 g - 6 scrolls of teleportation
 h - a scroll of summoning
 s - a scroll of blinking
Potions
 b - 5 potions of flight
 k - a potion of resistance
 p - 2 potions of curing
 r - a potion of attraction


   Skills:
 + Level 5.0 Fighting
 + Level 1.7(1.9) Short Blades
 + Level 0.8(1.3) Long Blades
 + Level 1.7(2.0) Axes
 - Level 0.9(3.9) Maces & Flails
 + Level 0.8(3.5) Polearms
 * Level 5.1(5.2) Staves
 - Level 0.9(1.3) Slings
 + Level 0.5 Bows
 + Level 1.3 Crossbows
 - Level 1.9(2.1) Throwing
 + Level 0.8 Armour
 + Level 6.4 Dodging
 - Level 4.1 Stealth
 + Level 1.5 Shields
 - Level 11.0 Unarmed Combat
 + Level 0.4 Spellcasting
 + Level 0.6 Conjurations
 + Level 0.5 Hexes
 + Level 0.6 Summonings
 + Level 0.8 Necromancy
 + Level 1.1 Translocations
 + Level 0.6 Transmutations
 + Level 0.6 Fire Magic
 + Level 0.6 Ice Magic
 + Level 0.5 Air Magic
 + Level 0.9 Earth Magic
 + Level 0.6 Poison Magic
 + Level 2.1 Invocations
 + Level 0.6 Evocations


You had 10 spell levels left.
You didn't know any spells.
Your spell library contained the following spells:

 Spells                   Type           Power      Damage    Failure   Level
 Beastly Appendage        Tmut           0%         N/A       36%         1
 Summon Small Mammal      Summ           0%         N/A       36%         1
 Corpse Rot               Necr/Air       0%         N/A       52%         2
 Poisonous Vapours        Pois/Air       0%         N/A       52%         2
 Wereblood                Tmut           0%         N/A       52%         2
 Portal Projectile        Hex/Tloc       0%         N/A       73%         3
 Call Canine Familiar     Summ           0%         N/A       75%         3
 Spider Form              Tmut/Pois      0%         N/A       75%         3
 Summon Guardian Golem    Hex/Summ       0%         N/A       77%         3
 Leda's Liquefaction      Hex/Erth       0%         N/A       98%         4
 Airstrike                Air            0%         N/A       99%         4
 Summon Lightning Spire   Summ/Air       0%         N/A       99%         4
 Alistair's Intoxication  Tmut/Pois      0%         N/A       100%        5
 Borgnjor's Vile Clutch   Necr/Erth      0%         N/A       100%        5
 Lightning Bolt           Conj/Air       0%         1d11      100%        5
 Summon Forest            Summ/Tloc      0%         N/A       100%        5
 Summon Mana Viper        Hex/Summ       0%         N/A       100%        5
 Eringya's Noxious Bog    Tmut/Pois      0%         N/A       100%        6
 Summon Cactus Giant      Summ           0%         N/A       100%        6


Dungeon Overview and Level Annotations

Branches:
Dungeon (10/15)            Temple (0/1) D:7         Ossuary (visited)
   Lair: D:8-11         Orc: D:9-12

Altars:
Ashenzari
Dithmenos
Fedhas
Gozag
Nemelex Xobeh
Okawaru
Qazlal
Trog
Uskayaw
Wu Jian
Yredelemnul
Zin
The Shining One
Ignis


Innate Abilities, Weirdness & Mutations

You are too large for most types of armour.
You have claws for hands.
Your natural rate of healing is unusually fast.
You are covered in fur. (AC +1)
You have tough skin. (AC +1)
You are partially covered in iridescent scales. (AC +2)
Your muscles are strong. (Str +2)
You passively dampen the noise of your surroundings.


Message History

The boulder beetle barely misses you.
The electric eel shoots out a bolt of lightning at you!
The bolt of electricity hits you.
The electric eel shoots out a bolt of lightning at you!
The bolt of electricity hits you.
The boulder beetle curls into a ball and begins rolling!
The boulder beetle hits you!
The boulder beetle stops rolling and uncurls.
The boulder beetle curls into a ball and begins rolling!
The boulder beetle hits you!!
The boulder beetle stops rolling and uncurls.
You see here a +0 leather armour.
The boulder beetle curls into a ball and begins rolling!
The boulder beetle misses you.
The boulder beetle stops rolling and uncurls.
The boulder beetle barely misses you.
You sock the boulder beetle!
Your weapon exudes an aura of protection.
The boulder beetle is lightly wounded.
The boulder beetle bites you!
You hit the boulder beetle but do no damage.
The boulder beetle is lightly wounded.
The boulder beetle closely misses you.
The boulder beetle curls into a ball and begins rolling!
The boulder beetle hits you!!
* * * LOW HITPOINT WARNING * * *
The boulder beetle stops rolling and uncurls.
The boulder beetle curls into a ball and begins rolling!
The boulder beetle hits you!!
* * * LOW HITPOINT WARNING * * *
The boulder beetle stops rolling and uncurls.
As you read the scroll of teleportation, it crumbles to dust.
You feel strangely unstable.
The boulder beetle leaps!
Your surroundings suddenly seem different.
A centaur warrior, a boggart, a tengu reaver and a deep troll earth mage come into view.
Found a runed broad axe.
The deep troll earth mage shouts!
The centaur warrior shouts!
The centaur warrior wields a +0 longbow.
The centaur warrior shoots an arrow.
The arrow hits you!!
You die...

#...## #####
### ... ...
#### ##...#
##.....##
#......@#
#...#...#...#
# #cg###..#
#.. .# #Q. #
#.T ##. #)


You could see a tengu reaver, a centaur warrior, a deep troll earth mage and a
boggart.

Vanquished Creatures
  A two-headed ogre (D:9)
  A kobold demonologist (D:9)
  Prince Ribbit (D:6)
  3 hornets
  A wyvern (D:6)
  5 yaks (D:8)
  Eustachio (D:4)
  2 steam dragons
  A human (D:8)
  3 hogs (D:8)
  4 vampire mosquitoes
  Edmund (D:4)
  A water moccasin (D:6)
  An acid dragon (D:9)
  4 orc warriors
  3 black bears
  An ice beast (D:7)
  2 ogres
  3 centaurs
  A kobold brigand (D:7)
  2 elf zombies (Ossuary)
  3 bullfrogs
  A gnoll sergeant (D:9)
  A wyvern zombie (D:7)
  4 scorpions
  3 water moccasin skeletons
  3 wights (D:7)
  A vampire bat (D:6)
  2 howler monkeys
  3 centaur zombies
  2 hounds
  3 jellies
  A bullfrog skeleton (D:6)
  A human zombie (Ossuary)
  3 orc priests
  Crazy Yiuf (D:4)
  An iguana (D:5)
  7 orc wizards
  2 scorpion zombies (D:5)
  4 mummies (Ossuary)
  A hound skeleton (D:5)
  7 gnolls
  6 adders
  3 shadow imps
  A white imp (D:5)
  An ufetubus (D:6)
  An adder skeleton (D:4)
  2 worms (D:2)
  4 dart slugs
  27 orcs
  5 ball pythons
  7 endoplasms
  3 giant cockroaches
  A gnoll zombie (Ossuary)
  4 goblins
  2 hobgoblins
  4 kobolds
  3 quokkas
  15 bats
  4 frilled lizards
  4 goblin zombies
  2 hobgoblin zombies (Ossuary)
  A jackal zombie (Ossuary)
  A kobold zombie (Ossuary)
  2 orc zombies (Ossuary)
  3 rats
202 creatures vanquished.

Vanquished Creatures (others)
  A wizard (D:8)
  97 foxfires
  A plant (D:3)
99 creatures vanquished.

Grand Total: 301 creatures vanquished

Notes
Turn   | Place    | Note
-------+----------+-------------------------------------------
     0 | D:1      | RenegadeRun the Troll Monk began the quest for the Orb.
     0 | D:1      | Reached XP level 1. HP: 22/22 MP: 0/0
   146 | D:1      | Reached XP level 2. HP: 25/29 MP: 1/1
   176 | D:1      | Found a faded altar of an unknown god.
   187 | D:1      | Prayed at the altar of an unknown god.
   187 | D:1      | Became a worshipper of Ignis, the Dying Flame
   187 | D:1      | Reached ****** piety under Ignis
  1106 | D:2      | Reached XP level 3. HP: 28/36 MP: 2/2
  1345 | D:2      | Gained mutation: You sometimes lose the ability to read
                  | scrolls when taking damage. [potion of mutation]
  1345 | D:2      | Gained mutation: You have a pair of small horns on your
                  | head. [potion of mutation]
  1345 | D:2      | Gained mutation: You are partially covered in iridescent
                  | scales. (AC +2) [potion of mutation]
  1356 | D:2      | Found a stormy altar of Qazlal.
  1561 | D:3      | Noticed a scorpion
  1569 | D:3      | Killed a scorpion
  1570 | D:3      | Reached skill level 4 in Unarmed Combat
  1570 | D:3      | Reached XP level 4. HP: 32/44 MP: 3/3
  1707 | D:3      | Found an ornate altar of the Wu Jian Council.
  1857 | D:3      | Reached XP level 5. HP: 53/53 MP: 4/4
  2003 | D:3      | Found a basalt altar of Yredelemnul.
  2005 | D:3      | Found a blossoming altar of Fedhas.
  2010 | D:3      | Found a broken altar of Ashenzari.
  2344 | D:4      | Noticed Edmund
  2371 | D:4      | Killed Edmund
  2372 | D:4      | Reached skill level 5 in Unarmed Combat
  2432 | D:4      | Found a shadowy altar of Dithmenos.
  2441 | D:4      | Reached XP level 6. HP: 61/61 MP: 5/5
  2516 | D:4      | Found an opulent altar of Gozag.
  2588 | D:4      | Found a runed translucent door.
  2589 | D:4      | Noticed Crazy Yiuf
  2654 | D:4      | Noticed Eustachio
  2662 | D:4      | Killed Eustachio
  2826 | D:4      | Killed Crazy Yiuf
  2888 | D:5      | Entered Level 5 of the Dungeon
  2900 | D:5      | Found a sand-covered staircase.
  2910 | Ossuary  | Entered an ossuary
  2921 | Ossuary  | Reached skill level 6 in Unarmed Combat
  2921 | Ossuary  | Reached XP level 7. HP: 65/67 MP: 6/6
  3198 | D:5      | Reached skill level 7 in Unarmed Combat
  3206 | D:5      | Reached XP level 8. HP: 51/75 MP: 7/7
  3394 | D:5      | Reached skill level 8 in Unarmed Combat
  3594 | D:5      | Found an iron altar of Okawaru.
  4010 | D:6      | Found a hide-covered altar of Uskayaw.
  4125 | D:6      | Reached skill level 9 in Unarmed Combat
  4154 | D:6      | Noticed Prince Ribbit
  4157 | D:6      | Killed Prince Ribbit
  4166 | D:6      | Reached XP level 9. HP: 84/84 MP: 8/8
  4296 | D:6      | Reached skill level 5 in Dodging
  4666 | D:6      | Found a glowing silver altar of Zin.
  5123 | D:7      | Reached skill level 10 in Unarmed Combat
  5135 | D:7      | Found a stormy altar of Qazlal.
  5161 | D:7      | Found a staircase to the Ecumenical Temple.
  5587 | D:7      | Reached skill level 1 in Short Blades
  5587 | D:7      | Reached skill level 1 in Axes
  5587 | D:7      | Reached skill level 1 in Crossbows
  5587 | D:7      | Reached skill level 1 in Throwing
  5587 | D:7      | Reached skill level 1 in Shields
  5587 | D:7      | Reached skill level 11 in Unarmed Combat
  5587 | D:7      | Reached skill level 1 in Translocations
  5587 | D:7      | Reached XP level 10. HP: 94/94 MP: 8/10
  5683 | D:8      | Reached skill level 1 in Staves
  6055 | D:8      | Found a glowing golden altar of the Shining One.
  6229 | D:8      | Found a bloodstained altar of Trog.
  6230 | D:8      | Noticed a wizard
  6236 | D:8      | Killed a wizard
  6386 | D:8      | Reached XP level 11. HP: 68/101 MP: 11/11
  6471 | D:9      | Noticed a two-headed ogre
  6619 | D:9      | Paralysed by a hornet for 3 turns
  6826 | D:9      | Killed a two-headed ogre
  6880 | D:9      | Found a sparkling altar of Nemelex Xobeh.
  6908 | D:9      | Fell from the grace of Ignis
  7216 | D:10     | Entered Level 10 of the Dungeon
  7311 | D:10     | Reached skill level 5 in Fighting
  7329 | D:10     | Reached skill level 5 in Staves
  7334 | D:10     | Noticed a two-headed ogre
  7341 | D:10     | Lost mutation: You sometimes lose the ability to read
                  | scrolls when taking damage. [potion of mutation]
  7341 | D:10     | Lost mutation: You have a pair of small horns on your head.
                  | [potion of mutation]
  7341 | D:10     | Gained mutation: Your muscles are strong. (Str +2) [potion
                  | of mutation]
  7341 | D:10     | Gained mutation: You passively dampen the noise of your
                  | surroundings. [potion of mutation]
  7345 | D:10     | HP: 1/102 [two-headed ogre/+0 dire flail (13)]
  7364 | D:10     | You fall into a shaft and drop 2 floors!
  7459 | D:12     | Noticed a boulder beetle
  7460 | D:12     | Noticed a two-headed ogre
  7506 | D:12     | Noticed a centaur warrior
  7506 | D:12     | Noticed a tengu reaver
  7506 | D:12     | Noticed a deep troll earth mage
  7506 | D:12     | Shot with an arrow by a centaur warrior

Illustrated notes

Levels and vault maps discovered:
D:1:      dpeg_arrival_tiny_d, layout_basic, shapermc_ecumenical_altar_pompeii,
          lemuel_another_geyser
D:2:      layout_rooms, basic_altar
D:3:      layout_loops_ring, gammafunk_temple_overflow_forgotten,
          amcnicky_altar_gilded, chequers_serial_rivers_small_3,
          minmay_misc_feat_rugged, dk_noncrumbling_4
D:4:      layout_rooms, lemuel_tele_altar, kennysheep_mini_moat, uniq_edmund,
          uniq_crazy_yiuf_cottage, uniq_eustachio
D:5:      layout_rooms, mainiacjoe_overflow_24_doors, enter_ossuary_4
D:6:      layout_layer_cave, nicolae_overflow_crystal_walls, roderic_batcave,
          kennysheep_flooded_box, minmay_hedge_maze, uniq_prince_ribbit1
D:7:      layout_rooms, nicolae_qazlal_style_of_elements, temple_fountains,
          small_statue_alley_b
D:8:      layout_loops_ring, trog_wizard, tso_oasis_becter, grunt_livestock
D:9:      layout_rooms, mainiacjoe_overflow_catwalk, minmay_misc_feat_columns
D:10:     layout_basic, enter_trove_3, enter_bailey_3
D:12:     minmay_tile_spiral, layout_rooms, serial_bayou, serial_bayou_lagoon_a,
          serial_bayou_pond_d, serial_bayou_pond_b, serial_bayou_shore_b,
          minmay_liquid_box, serial_bayou_ford_a, nicolae_danse_macabre

Skill      XL: |  1  2  3  4  5  6  7  8  9 10 11 |
---------------+----------------------------------+-----
Dodging        | 3 4 5 6 |  6.4
Unarmed Combat | 4 5 6 7 9 11 | 11.0
Fighting       | 3 4 5 |  5.0
Stealth        | 2 3 4 |  4.1
Short Blades   | 1 |  1.7
Axes           | 1 |  1.7
Crossbows      | 1 |  1.3
Throwing       | 1 |  1.9
Shields        | 1 |  1.5
Translocations | 1 |  1.1
Invocations    | 2 |  2.1
Staves         | 2 5 |  5.1
Long Blades    | |  0.8
Maces & Flails | |  0.9
Polearms       | |  0.8
Slings         | |  0.9
Bows           | |  0.5
Armour         | |  0.8
Spellcasting   | |  0.4
Conjurations   | |  0.6
Hexes          | |  0.5
Summonings     | |  0.6
Necromancy     | |  0.8
Transmutations | |  0.6
Fire Magic     | |  0.6
Ice Magic      | |  0.6
Air Magic      | |  0.5
Earth Magic    | |  0.9
Poison Magic   | |  0.6
Evocations     | |  0.6

Action                   |  1- 3 |  4- 6 |  7- 9 | 10-12 || total
-------------------------+-------+-------+-------+-------++-------
Melee: Unarmed           |    80 |    76 |   220 |       ||   376
       Punch             |     3 |     2 |    16 |       ||    21
       Headbutt          |     1 |    12 |    36 |    32 ||    81
       Quarterstaff      |       |       |       |   165 ||   165
       Giant spiked club |       |       |       |     6 ||     6
Throw: Throwing net      |       |       |       |     1 ||     1
Invok: Fiery Armour      |       |     2 |     1 |     2 ||     5
       Foxfire Swarm     |       |     2 |     2 |     2 ||     6
       Rising Flame      |       |       |       |     1 ||     1
       Renounce Religion |       |       |       |     1 ||     1
  Use: Scroll            |     3 |     3 |     4 |     7 ||    17
       Potion            |     3 |     1 |     5 |     7 ||    16
 Stab: Sleeping          |       |     7 |     5 |     2 ||    14
Armor: Robe              |    25 |    20 |    79 |    69 ||   193
       Steam dragon scal |       |       |       |    50 ||    50
Dodge: Dodged            |    28 |    42 |    99 |   158 ||   327
